Ron, neutral male human Barbarian --------------- -------- ----------- |.............| ##.......| #-.........| |.............| # |.......###########|..._.....| |.............| ####+......|###########.....<....| |.............| # #|......|# ----------- ------|--.----- ### #-------- ### # # # #` ################## ### # ----- #------# ---.--# # # |...-#####|....| |....|# ### # |...| |....| |..>..############ # |P@.| #.....| |....| ### ----.---# |%P..#####|....| |....| # ##-......|################## ----- |....| |.....#### |.......# ------|------- ------ ------ |......|# #..._.........| |.......###########|....>.......| --------# -------------- Ron the Pillager Experience level: 5 Strength: 18 Dexterity: 15 Constitution: 19 Intelligence: 8 Wisdom: 9 Charisma: 6 Health: 0(65) Energy: 14(14) Def: 0 Gold: 83 Moves: 971 Dungeon seed: 3RpMxPAiTTKtim5T Game ID: Ron_1440093553 Your Inventory: Weapons a - an uncursed thoroughly corroded +0 battle-axe (weapon in hands) b - an uncursed +0 short sword (alternate weapon; not wielded) o - a blessed +1 dart x - an uncursed +0 dart M - a blessed poisoned +0 dart Armor e - an uncursed thoroughly corroded +0 ring mail (being worn) q - an uncursed +0 orcish helm y - an uncursed +0 pair of iron shoes H - an uncursed +0 dwarvish iron helm I - an uncursed +0 dwarvish roundshield J - an uncursed +0 pair of iron shoes Y - an uncursed +1 cloak of protection Tools s - an uncursed +0 pick-axe Comestibles c - 5 uncursed food rations B - 2 uncursed chuckberries P - an uncursed newt corpse Boulders/Statues n - an uncursed statue of a lichen Coins $ - 83 gold pieces Spells and supernatural/magical abilities: Name Level Category Fail Memory W - pray for help -- divine ? -- Your skills at the end: Fighting Skills bare handed combat [Basic] Weapon Skills axe [Basic] short sword [Basic] Spellcasting Skills Final Attributes: You were devoutly aligned. You were poison resistant. You aggravated monsters. You are dead. Vanquished creatures: a black pudding a gnome king a gnome lord a little dog 3 dwarves a werejackal a coyote a hobbit 2 giant rats 4 gnomes 4 jackals a goblin a grid bug a lichen a newt 24 creatures vanquished. Voluntary challenges: You used a wielded weapon 31 times, starting on turn 31. You were illiterate. You never genocided any monsters. You never polymorphed an object. You never changed form. You used no wishes. You split 2 puddings, starting on turn 969. You never wrote Elbereth's name. You never violated your personal moral code. Dungeon overview: The Dungeons of Doom: levels 1 to 3 Level 1 a long staircase Level 2 <- You were here some altars to Crom, a sink stairs to The Gnomish Mines Level 3 The Gnomish Mines: levels 3 to 4 Level 3 stairs to The Dungeons of Doom Level 4 Level 5 History has recorded: On T:1 you entered the Dungeons of Doom to retrieve the Amulet of Yendor! On T:29 you reached level 2 of The Dungeons of Doom. On T:334 you reached level 1 of The Gnomish Mines. On T:373 you advanced to experience level 2. On T:440 you advanced to experience level 3. On T:482 you advanced to experience level 4. On T:557 you reached level 2 of The Gnomish Mines. On T:801 you reached level 3 of The Dungeons of Doom. On T:971 you advanced to experience level 5. Score breakdown: Gold: 83 ( 8 points) Experience: 5 levels ( 400 points) Exploration: 4 levels ( 90 points) Discoveries: 1 item ( 50 points) Variety of kills: 15 monsters ( 750 points) Major goal: (nothing yet) ( 0 points) Survival: died (score multiplied by 3) Total score: 3894 Latest messages: p - an uncursed elven dagger. k - an uncursed orcish dagger. M - a blessed poisoned dart. H - an uncursed dwarvish iron helm. I - an uncursed dwarvish roundshield. q - an uncursed orcish helm. Y - an uncursed ornamental cope. J - an uncursed pair of iron shoes. You have a little trouble lifting y - an uncursed pair of iron shoes. You have a little trouble lifting z - a cursed pair of iron shoes. You have a little trouble lifting w - an uncursed candle. You have a little trouble lifting t - an uncursed pick-axe. You have a little trouble lifting s - an uncursed pick-axe. You have a little trouble lifting K - an uncursed tin whistle. You have a little trouble lifting O - an uncursed scroll labeled DUAM XNAHT. You have a little trouble lifting h - an uncursed scroll labeled VE FORBRYDERNE. You have a little trouble lifting m - an uncursed white potion. You have a little trouble lifting B - 2 uncursed chuckberries. You have a little trouble lifting N - an uncursed blue gem. You kill the black pudding! Welcome to experience level 5. Your battle-axe corrodes completely! The black pudding bites! Your ring mail corrodes completely! The black pudding bites! You die... Final status: Goodbye Ron the Barbarian, killed by a black pudding... You died in The Dungeons of Doom on dungeon level 2 with 3894 points, and 83 pieces of gold, after 971 moves. You were level 5 with a maximum of 65 hit points when you died.